 Dungeon Crawl Stone Soup version 0.29.1-2-gbd0b4ee654 (webtiles) character file.

Game seed: 4127077638300592530

476 Descartes the Conjurer (level 6, 0/45 HPs)
             Began as a Draconian Conjurer on Nov 27, 2022.
             Slain by Edmund
             ... wielding a +1 vorpal flail
              (2 damage)
             ... on level 4 of the Dungeon.
             The game lasted 00:08:24 (3885 turns).

Descartes the Conjurer (Draconian Conjurer)         Turns: 3885, Time: 00:08:24

Health: 0/45       AC:  6    Str:  7 (11) XL:     6   Next: 85%
Magic:  10/13      EV: 12    Int: 17 (18) God:
Gold:   223        SH:  0    Dex: 14      Spells: 10/15 levels left

rFire   . . .      SeeInvis .   d - +0 club
rCold   . . .      Faith    .   (no shield)
rNeg    . . .      Spirit   .   (body armour unavailable)
rPois   .          Reflect  .   (helmet restricted)
rElec   .          Harm     .   (no cloak)
rCorr   .          Rampage  .   (no gloves)
Will    .....      Rage     3%  (no boots)
Stlth   ++........              (no amulet)
HPRegen 0.15/turn               n - +6 ring of dexterity
MPRegen 0.13/turn               (no ring)

@: no status effects
A: AC +6, unfitting armour, cold-blooded, berserk 1, clumsy 1, deterioration 1
a: no special abilities


You were on level 4 of the Dungeon.
You visited 1 branch of the dungeon, and saw 4 of its levels.

You collected 223 gold pieces.

Inventory:

Hand Weapons
 d - a +0 club (weapon)
Missiles
 j - 10 poisoned darts
Jewellery
 n - a +6 ring of dexterity (left hand)
Wands
 g - a wand of paralysis (11)
Scrolls
 e - 2 scrolls of amnesia {unknown}
 h - 2 scrolls of immolation {unknown}
 k - 2 scrolls of enchant armour {unknown}
 l - a scroll of enchant weapon {unknown}
Potions
 a - a potion of magic
 b - 2 potions of attraction
 c - 2 potions of heal wounds {unknown}
 f - a potion of brilliance
 i - 2 potions of curing


   Skills:
 - Level 1.7 Dodging
 - Level 1.7 Stealth
 + Level 5.0 Spellcasting
 + Level 6.5 Conjurations


You had 10 spell levels left.
You knew the following spells:

 Your Spells              Type           Power      Damage    Failure   Level
a - Magic Dart            Conj           100%       1d8       1%          1
b - Fulminant Prism       Conj/Hex       7%         3d7       36%         4

Your spell library contained the following spells:

 Spells                   Type           Power      Damage    Failure   Level
 Searing Ray              Conj           52%        2d6       1%          2
 Shock                    Conj/Air       60%        1d6       3%          1
 Dazzling Flash           Conj/Hex       30%        N/A       11%         3
 Iskenderun's Mystic Bla  Conj/Tloc      15%        2d5       36%         4
 Swiftness                Air            4%         N/A       38%         3
 Tukima's Dance           Hex            4%         N/A       38%         3
 Airstrike                Air            2%         2d(1-17)  80%         4
 Corpse Rot               Necr/Pois/Air  4%         N/A       80%         4
 Silence                  Hex/Air        2%         N/A       98%         5
 Yara's Violent Unravell  Hex/Tmut       2%         3d3       98%         5


Dungeon Overview and Level Annotations

Branches:
Dungeon (4/15)
 Temple: D:4-7

Altars:
Ashenzari
Dithmenos
Uskayaw

Annotations:
D:4 Edmund


Innate Abilities, Weirdness & Mutations

Your plain brown scales are hard. (AC +6)
You cannot fit into any form of body armour.
You are cold-blooded and may be slowed by cold attacks.
You sometimes lose your temper in combat.
You are clumsy. (Dex -2)
Your body sometimes deteriorates upon taking damage.


Message History

Edmund the Younger comes into view.
He is wielding a +1 vorpal flail.
Casting: Magic Dart (safe; 1% risk of failure)
Confirm with . or Enter, or press ? or * to list all spells.
Aiming: Magic Dart (safe; 1% risk of failure)
Press: ? - help, Shift-Dir - straight line, f - Edmund
Aim: Edmund, wielding a +1 vorpal flail and wearing a +0 chain mail (asleep, 100% to hit)
The magic dart hits Edmund but does no damage.
Edmund shouts!
Casting: Magic Dart (safe; 1% risk of failure)
Confirm with . or Enter, or press ? or * to list all spells.
Aiming: Magic Dart (safe; 1% risk of failure)
Press: ? - help, Shift-Dir - straight line, f/p - Edmund
Aim: Edmund, wielding a +1 vorpal flail and wearing a +0 chain mail (100% to hit)
The magic dart hits Edmund but does no damage.
Casting: Magic Dart (safe; 1% risk of failure)
Confirm with . or Enter, or press ? or * to list all spells.
Aiming: Magic Dart (safe; 1% risk of failure)
Press: ? - help, Shift-Dir - straight line, f/p - Edmund
Aim: Edmund, wielding a +1 vorpal flail and wearing a +0 chain mail (100% to hit)
The magic dart hits Edmund.
Edmund is lightly wounded.
Edmund hits you with a +1 vorpal flail.
Your body deteriorates!
You feel weakened.
Casting: Magic Dart (safe; 1% risk of failure)
Confirm with . or Enter, or press ? or * to list all spells.
Aiming: Magic Dart (safe; 1% risk of failure)
Press: ? - help, Shift-Dir - straight line, f/p - Edmund
Aim: Edmund, wielding a +1 vorpal flail and wearing a +0 chain mail (lightly wounded, 100% to hit)
The magic dart hits Edmund.
Edmund is moderately wounded.
Edmund hits you with a +1 vorpal flail! Edmund attacks as you move away!
Edmund hits you but does no damage.
Edmund says, "You wouldn't believe how much I paid for this flail."
Edmund attacks as you move away! Edmund hits you with a +1 vorpal flail!
* * * LOW HITPOINT WARNING * * *
Edmund attacks as you move away! Edmund hits you with a +1 vorpal flail.
* * * LOW HITPOINT WARNING * * *
x2 Edmund attacks as you move away!
Edmund hits you with a +1 vorpal flail.
* * * LOW HITPOINT WARNING * * *
You die...

#.#.......#...................#
###.######.##.#..####P.P........#
#...######.......#..#PP.........#
#.####.....##....#..#####.......#
#.####.....##....#.. #..######
#....+......÷>...#.## #.## #
######.....##.##.#..## #†# ###
#.....##....#..[# .#.# ##..
########.##@#..##..#.# #...
####@#......#.# #...
#.....#..#.####.## #.....#
.#......#⌠ #.#...# #......#.
#.#...# #...##### #.#...#
#...#...# #.#...# #...#...'
#.#.... #.[... .#


You could see Edmund.

Vanquished Creatures
  An ogre (D:4)
  A scorpion (D:3)
  A howler monkey (D:4)
  3 hounds
  A jelly (D:4)
  Natasha (twice) (D:4)
  7 adders
  A dart slug (D:2)
  3 orcs (D:3)
  5 bats
  8 endoplasms
  2 giant cockroaches
  7 goblins
  4 hobgoblins
  7 kobolds
  2 quokkas (D:1)
  7 ball pythons
  3 frilled lizards
  5 rats
70 creatures vanquished.

Notes
Turn   | Place    | Note
-------+----------+-------------------------------------------
     0 | D:1      | Descartes the Draconian Conjurer began the quest for the
                  | Orb.
     0 | D:1      | Reached XP level 1. HP: 14/14 MP: 3/3
    17 | D:1      | Got the Reference Book on Spellbinding Malignant Arts
    78 | D:1      | Found a faded altar of an unknown god.
   273 | D:1      | Reached XP level 2. HP: 20/20 MP: 1/5
  1193 | D:2      | Reached XP level 3. HP: 26/26 MP: 1/7
  1877 | D:3      | Noticed a scorpion
  1986 | D:2      | Reached skill level 5 in Conjurations
  1986 | D:2      | Reached XP level 4. HP: 13/33 MP: 0/9
  2183 | D:3      | Killed a scorpion
  2184 | D:3      | Reached XP level 5. HP: 26/38 MP: 0/10
  2632 | D:3      | Learned a level 4 spell: Fulminant Prism
  2884 | D:4      | Noticed Natasha
  3034 | D:4      | Found a shadowy altar of Dithmenos.
  3043 | D:4      | Found a hide-covered altar of Uskayaw.
  3103 | D:4      | Found a broken altar of Ashenzari.
  3115 | D:4      | Killed Natasha
  3116 | D:4      | Reached XP level 6. HP: 26/45 MP: 0/12
  3134 | D:4      | Gained mutation: You sometimes lose your temper in combat.
                  | [potion of mutation]
  3134 | D:4      | Gained mutation: You are clumsy. (Dex -2) [potion of
                  | mutation]
  3134 | D:4      | Gained mutation: Your body sometimes deteriorates upon
                  | taking damage. [potion of mutation]
  3163 | D:4      | HP: 2/100 [ogre/+0 giant club (8)]
  3165 | D:4      | Reached skill level 6 in Conjurations
  3673 | D:4      | Noticed Natasha
  3678 | D:4      | Killed Natasha
  3679 | D:4      | Reached skill level 5 in Spellcasting
  3875 | D:4      | Noticed Edmund
  3885 | D:4      | HP: 2/45 [Edmund/+1 vorpal flail (6)]
  3885 | D:4      | Slain by Edmund

Illustrated notes

Levels and vault maps discovered:
D:1:      scummos_arrival_star, layout_basic, nicolae_ecumenical_snake_handling,
          minmay_misc_feat_more_columns, chequers_decorated_corner
D:2:      layout_rooms
D:3:      layout_rooms
D:4:      layout_basic, evilmike_ruin_ashenzari,
          mainiacjoe_overflow_large_starburst, sigmund_edmund_badplayer,
          uniq_natasha, uniq_sigmund

Skill      XL: |  1  2  3  4  5  6 |
---------------+-------------------+-----
Spellcasting   | 3 4 5 |  5.0
Conjurations   | 5 6 |  6.5
Dodging        | |  1.7
Stealth        | |  1.7

Action                   |  1- 3 |  4- 6 || total
-------------------------+-------+-------++-------
Melee: Club              |    19 |     7 ||    26
       Unarmed           |     7 |       ||     7
       Tailslap          |     2 |       ||     2
 Cast: Magic Dart        |    84 |    97 ||   181
  Use: Potion            |       |     7 ||     7
Armor: Skin              |    20 |    12 ||    32
Dodge: Dodged            |    50 |    13 ||    63
